 Dungeon Crawl Stone Soup version 0.31-a0-744-gbc345e7fcb (webtiles) character file.

Game seed: 8970747430720442831

3565 Dittersdorf the Blocker (level 10, 0/65 HPs)
             Began as a Gargoyle Fighter on Sept 13, 2023.
             Was an Initiate of Gozag.
             Slain by an orc warrior
             ... wielding a +0 trident
              (10 damage)
             ... on level 7 of the Dungeon.
             The game lasted 00:08:11 (4727 turns).

Dittersdorf the Blocker (Gargoyle Fighter)          Turns: 4727, Time: 00:08:11

Health: 0/65       AC: 21    Str: 24    XL:     10   Next: 9%
Magic:  10/10      EV:  9    Int:  9    God:    Gozag
Gold:   827        SH:  5    Dex:  9    Spells: 9/9 levels left

rFire   + . .        s - +0 flail (heavy)
rCold   . . .        c - +0 buckler
rNeg    + . .        x - +3 scale mail {rF+}
rPois   ∞            u - +0 helmet
rElec   +            (no cloak)
rCorr   +            v - +0 pair of gloves
SInv    .            (no boots)
Will    .....        g - amulet of regeneration Stlth
                     e - ring of resist corrosion
HPRegen 1.10/turn    (no ring)
MPRegen 0.12/turn

%: no passive effects
@: no status effects
A: sickness immunity, AC +7, negative energy resistance 1, electricity
resistance, torment resistance 1, petrification resistance
a: Renounce Religion, Potion Petition, Call Merchant, Bribe Branch


You were on level 7 of the Dungeon.
You worshipped Gozag.
Gozag was pleased with you.
You visited 1 branch of the dungeon, and saw 7 of its levels.

You collected 887 gold pieces.
You paid 60 gold pieces to Gozag.

Inventory:

Hand Weapons
 s - a +0 heavy flail (weapon)
Missiles
 q - 4 curare-tipped darts (quivered)
Armour
 c - a +0 buckler (worn)
 u - a +0 helmet (worn)
 v - a +0 pair of gloves (worn)
 x - a +3 scale mail of fire resistance (worn)
Magical Staves
 m - a staff of earth
Jewellery
 a - a ring of fire
 e - a ring of resist corrosion (left hand)
 g - an amulet of regeneration (around neck)
Wands
 w - a wand of acid (5)
Scrolls
 b - 2 scrolls of teleportation
 l - a scroll of fear
Potions
 d - a potion of might
 f - 2 potions of curing {unknown}
 h - 2 potions of degeneration {unknown}
 i - a potion of mutation {unknown}
 j - a potion of enlightenment {unknown}
 k - a potion of berserk rage {unknown}
 n - a potion of haste {unknown}
 o - 2 potions of ambrosia
 p - a potion of heal wounds
 r - a potion of magic {unknown}


   Skills:
 + Level 8.4 Fighting
 + Level 7.3 Maces & Flails
 + Level 8.4 Armour
 + Level 8.5 Shields


You had 9 spell levels left.
You didn't know any spells.
Your spell library contained the following spells:

 Spells                   Type           Power      Damage    Failure   Level
 Apportation              Tloc           0%         N/A       71%         1
 Necrotise                Necr           0%         1d4       71%         1
 Summon Small Mammal      Summ           0%         N/A       71%         1
 Scorch                   Fire           0%         2d5       83%         2
 Call Canine Familiar     Summ           0%         N/A       97%         3
 Inner Flame              Hex/Fire       0%         N/A       97%         3
 Summon Guardian Golem    Hex/Summ       0%         N/A       97%         3
 Flame Wave               Conj/Fire      0%         2d4       100%        4
 Summon Ice Beast         Ice/Summ       0%         N/A       100%        4
 Summon Mana Viper        Hex/Summ       0%         N/A       100%        5
 Yara's Violent Unravell  Hex/Tmut       0%         3d3       100%        5
 Summon Cactus Giant      Summ           0%         N/A       100%        6
 Enfeeble                 Hex            0%         N/A       100%        7
 Monstrous Menagerie      Summ           0%         N/A       100%        7


Dungeon Overview and Level Annotations

Branches:
Dungeon (7/15)             Temple (0/1) D:6

Altars:
Cheibriados
Gozag
Sif Muna
Yredelemnul
The Shining One


Innate Abilities, Weirdness & Mutations

You are immune to sickness and miasma.
Your stone body is resilient. (AC +7)
You are immune to poison.
You resist negative energy. (rN+)
You are resistant to electric shocks. (rElec)
You are resistant to unholy torment.
You are immune to petrification.


Message History

You are too injured to fight recklessly!
You are too injured to fight recklessly!
You are too injured to fight recklessly!
You are too injured to fight recklessly!
You are too injured to fight recklessly!
You are too injured to fight recklessly!
You are too injured to fight recklessly!
You are too injured to fight recklessly!
You barely miss the orc priest.
The orc priest is no longer distracted by gold.
The orc priest mumbles some strange prayers to Beogh against you.
Pain shoots through your body! You block the orc's attack.
The orc warrior hits you with a +0 trident.
You hit the orc priest.
The orc priest is moderately wounded.
The orc priest calls down the wrath of Beogh upon you.
Pain shoots through your body!
* * * LOW HITPOINT WARNING * * *
You block the orc's attack.
The orc warrior hits you with a +0 trident!
* * * LOW HITPOINT WARNING * * *
The orc hits you but does no damage. The orc priest closely misses you.
The orc warrior hits you but does no damage.
You closely miss the orc priest.
The orc priest is moderately wounded.
The orc priest calls upon Beogh to heal the orc warrior.
The orc warrior is healed somewhat.
The orc hits you but does no damage. The orc warrior closely misses you.
The orc hits you but does no damage. The orc priest closely misses you.
You closely miss the orc priest.
The orc priest is moderately wounded.
The orc warrior barely misses you. You block the orc priest's attack.
The orc closely misses you.
The orc warrior hits you but does no damage.
You closely miss the orc priest.
The orc priest is moderately wounded.
You block the orc priest's attack. The orc hits you but does no damage.
The orc warrior hits you with a +0 trident!
You die...
Your body crumbles into a pile of gold.

.. ...... .. #...... #.
....... #. .......
#.#.......
.(..#........##..#......
..............#.o$......
#.............##@o......
#...........##..o......
#...........##.########
##..........###.#
#..........# #..#
#.........## #<.#
#####....<.###.##
##......##.# #.........#


You could see an orc warrior, an orc priest and an orc.

Vanquished Creatures
  Pikel (D:7)
  Grinder (D:5)
  Sigmund (D:4)
  A wraith (D:7)
  2 water moccasins (D:7)
  3 black bears
  2 orc warriors (D:6)
  2 ice beasts (D:6)
  2 sky beasts (D:6)
  2 ogres (D:6)
  A lemure (D:7)
  A phantom (D:5)
  Blork the orc (D:5)
  2 kobold brigands (D:6)
  2 bullfrogs
  5 scorpions
  2 jellies (D:6)
  2 hounds
  2 orc priests
  A gnoll bouda (D:7)
  Ijyb (D:3)
  2 iguanas
  An orc wizard (D:4)
  Robin (D:3)
  12 gnolls
  11 adders
  A shadow imp (D:6)
  A white imp (D:6)
  2 ufetubi
  3 worms
  3 dart slugs
  22 orcs
  3 ball pythons
  3 bats
  5 endoplasms
  12 giant cockroaches
  11 goblins
  8 hobgoblins
  5 jackals
  A quokka (D:2)
  2 frilled lizards
  5 kobolds
  5 rats
156 creatures vanquished.

Notes
Turn   | Place    | Note
-------+----------+-------------------------------------------
     0 | D:1      | Dittersdorf the Gargoyle Fighter began the quest for the
                  | Orb.
     0 | D:1      | Reached XP level 1. HP: 14/14 MP: 1/1
   385 | D:1      | Reached XP level 2. HP: 19/19 MP: 2/2
   695 | D:2      | Reached XP level 3. HP: 20/23 MP: 3/3
  1057 | D:2      | Found a basalt altar of Yredelemnul.
  1405 | D:2      | Reached XP level 4. HP: 14/29 MP: 4/4
  1618 | D:3      | Noticed Robin
  1627 | D:3      | Reached XP level 5. HP: 33/33 MP: 5/5
  1642 | D:3      | Killed Robin
  1804 | D:3      | Noticed Ijyb
  1809 | D:3      | Killed Ijyb
  1992 | D:4      | Noticed Sigmund
  1997 | D:4      | Killed Sigmund
  1998 | D:4      | Reached XP level 6. HP: 38/40 MP: 6/6
  2008 | D:4      | Reached skill level 5 in Fighting
  2010 | D:4      | Reached skill level 5 in Shields
  2066 | D:4      | Reached skill level 5 in Armour
  2066 | D:4      | Reached XP level 7. HP: 44/44 MP: 7/7
  2151 | D:4      | Found an opulent altar of Gozag.
  2156 | D:4      | Found a glowing golden altar of the Shining One.
  2158 | D:4      | Became a worshipper of Gozag Ym Sagoz the Greedy
  2641 | D:5      | Entered Level 5 of the Dungeon
  2679 | D:5      | Noticed Blork the orc
  2751 | D:5      | Killed Blork the orc
  2875 | D:5      | Found a snail-covered altar of Cheibriados.
  3222 | D:5      | Noticed Grinder
  3228 | D:5      | Paralysed by Grinder for 5 turns
  3235 | D:5      | Killed Grinder
  3236 | D:5      | Reached XP level 8. HP: 49/51 MP: 8/8
  3278 | D:6      | Reached skill level 5 in Maces & Flails
  3327 | D:6      | Found a shimmering blue altar of Sif Muna.
  3386 | D:6      | Found a staircase to the Ecumenical Temple.
  3737 | D:6      | Reached XP level 9. HP: 56/56 MP: 9/9
  3796 | D:6      | HP: 1/57 [orc priest/divine providence (13)]
  4538 | D:7      | Noticed Pikel
  4548 | D:7      | Killed Pikel
  4581 | D:7      | Reached XP level 10. HP: 64/64 MP: 10/10
  4727 | D:7      | Slain by an orc warrior

Illustrated notes

Levels and vault maps discovered:
D:1:      eino_arrival_water_cross, layout_loops_ring
D:2:      layout_loops_ring, basic_altar
D:3:      minmay_roachtagon, layout_rooms, nicolae_figureground_pulse,
          uniq_robin, uniq_ijyb
D:4:      layout_loops_cross, grunt_temple_overflow_open, uniq_sigmund
D:5:      layout_rooms, slow_altar_1, serial_corexii_hall,
          corexii_hall_statues_u, chequers_hall_statues_corner_a,
          chequers_hall_statues_wall_a, corexii_hall_statues_i,
          corexii_hall_statues_i, chequers_hall_statues_y, uniq_blork_the_orc,
          uniq_grinder
D:6:      minmay_octagon_keep, layout_loops_ring, mainiacjoe_overflow_24_doors,
          minmay_temple_entry_stoned_glass, st_stairs_13, lightli_orcish_oven
D:7:      layout_cave_pods, uniq_duvessa, uniq_jeremiah, uniq_pikel

Skill      XL: |  1  2  3  4  5  6  7  8  9 |
---------------+----------------------------+-----
Fighting       | 4 5 6 8 |  8.4
Armour         | 4 5 6 8 |  8.4
Shields        | 4 5 6 8 |  8.5
Maces & Flails | 3 4 5 7 |  7.3

Action                     |  1- 3 |  4- 6 |  7- 9 | 10-12 || total
---------------------------+-------+-------+-------+-------++-------
  Melee: Flail             |   124 |   113 |   269 |    39 ||   545
  Throw: Dart              |       |     1 |       |       ||     1
    Use: Scroll            |       |     6 |     2 |       ||     8
   Stab: Distracted        |       |       |     1 |       ||     1
 Armour: Scale mail        |   118 |   141 |   308 |    58 ||   625
  Dodge: Dodged            |    82 |    90 |   167 |    40 ||   379
  Block: Buckler           |    32 |    41 |    95 |    28 ||   196

Table legend: (Time is in decaauts)
 A = Elapsed time spent in this place.
 B = Non-inter-level travel time spent in this place.
 C = Inter-level travel time spent in this place.
 D = Time resting spent in this place.
 E = Time spent auto-exploring this place.
 F = Levels seen in this place.
 G = Mean time per level.
                   A        B        C        D        E       F      G
               +--------+--------+--------+--------+--------+-----+--------+
         Total |   5088 |   4836 |    252 |    109 |   3188 |   7 |  726.9 |
       Dungeon |   5088 |   4836 |    252 |    109 |   3188 |   7 |  726.9 |
               +--------+--------+--------+--------+--------+-----+--------+

Top non-repeatable levels by time:
     D:6: 1292 daAuts
     D:2: 828 daAuts
     D:4: 720 daAuts
     D:5: 709 daAuts
     D:3: 654 daAuts
     D:1: 629 daAuts
     D:7: 254 daAuts
